 Dungeon Crawl Stone Soup version 0.26-a0-854-gdc81c2f471 (webtiles) character file.

Game seed: 14067513717050700033

68 Froggeryz the Skirmisher (level 4, 0/37 HPs)
             Began as a Demonspawn Wanderer on Nov 23, 2020.
             Slain by a thrashing horror (7 damage)
             ... on level 1 of the Abyss.
             The game lasted 00:03:10 (2403 turns).

Froggeryz the Skirmisher (Demonspawn Wanderer)      Turns: 2403, Time: 00:03:10

Health: 0/37       AC:  6    Str: 13    XL:     4   Next: 1%
Magic:  0/7        EV: 11    Int: 13    God:
Gold:   126        SH:  0    Dex: 13    Spells: 7/7 levels left

rFire    . . .     SeeInvis .     - Unarmed
rCold    . . .     Faith    .   (no shield)
rNeg     . . .     Spirit   +   l - +3 leather armour
rPois    .         Reflect  .   (no helmet)
rElec    .         Harm     .   (no cloak)
rCorr    .         Rampage  .   (no gloves)
MR       +....                  (no boots)
Stlth    +.........             (no amulet)
HPRegen  0.12/turn              d - ring of protection from magic
MPRegen  0.10/turn              (no ring)

@: no status effects
A: hooves 1, magic shield
a: no special abilities


You were on level 1 of the Abyss.
You visited 1 branch of the dungeon, and saw 2 of its levels.
You visited the Abyss 1 time.

You collected 126 gold pieces.

Inventory:

Hand Weapons
 a - a +3 dagger
Missiles
 c - 11 poisoned darts (quivered)
Armour
 l - a +3 leather armour (worn)
 n - a cursed +0 buckler
Jewellery
 d - a ring of protection from magic (left hand)
Wands
 p - a wand of paralysis (6)
Scrolls
 e - 2 scrolls of remove curse
 f - a scroll of immolation {unknown}
 g - 5 scrolls of enchant weapon
 i - a scroll of amnesia {unknown}
 j - a scroll of fog {unknown}
 k - a scroll of magic mapping {unknown}
 m - 2 scrolls of identify {unknown}
 o - a scroll of blinking {unknown}
 q - a scroll of teleportation {unknown}


   Skills:
 - Level 4.0 Fighting
 - Level 1.0 Throwing
 - Level 1.0 Dodging
 - Level 1.7 Stealth
 + Level 0.4 Shields
 + Level 2.1 Unarmed Combat
 - Level 2.0 Spellcasting
 - Level 1.0 Summonings


You had 7 spell levels left.
You didn't know any spells.
Your spell library contained the following spells:

 Spells                   Type           Power        Failure   Level
 Summon Small Mammal      Summ           #...         22%         1
 Foxfire                  Conj/Fire      #...         32%         1
 Summon Guardian Golem    Hex/Summ       #.......     61%         3
 Ignite Poison            Fire/Tmut/Pois #.......     67%         3


Dungeon Overview and Level Annotations

Branches:
Dungeon (2/15)

Altars:

Annotations:
D:2 Crazy Yiuf


Innate Abilities, Weirdness & Mutations

You have large cloven feet.
When hurt, damage is shared between your health and your magic reserves.


Message History

You assume a fearsome visage.
The thrashing horror is unaffected.
The thrashing horror roars!
The thrashing horror tramples you!
You hold your ground!
The thrashing horror tramples you but does no damage.
The thrashing horror tramples you.
You hold your ground!
The thrashing horror tramples you but does no damage.
You aren't carrying any potions.
As you read the scroll labelled RAXTEN FUTYANA, it crumbles to dust.
You feel blessed for a moment.
It was a scroll of remove curse.
The thrashing horror roars!
The thrashing horror misses you. The thrashing horror tramples you.
You hold your ground!
The thrashing horror tramples you.
You hold your ground!
The thrashing horror closely misses you.
As you read the scroll labelled ESKOLE TOIMP, it crumbles to dust.
It is a scroll of enchant weapon.
Your +2 dagger glows red for a moment.
The thrashing horror tramples you!
* * * LOW HITPOINT WARNING * * *
You hold your ground!
The thrashing horror misses you. The thrashing horror tramples you!
You die...

.#...
#.. .
#....
....
♣..
♣.♣♣
♣♣.♣
♣X♣#
♣♣@♣
♣.♣♣ ♣
#'##
♣...)#
♣#...#
#...#
#####


You could see a thrashing horror.

Vanquished Creatures
  A jelly (D:2)
  A worm (D:2)
  2 dart slugs (D:2)
  2 leopard geckos (D:2)
  A ball python (D:2)
  2 giant cockroaches
  2 hobgoblins
  2 jackals (D:1)
  6 kobolds
  3 bats
  2 frilled lizards (D:2)
  4 goblins
  3 rats (D:1)
31 creatures vanquished.

Vanquished Creatures (others)
  2 fungi (D:2)
2 creatures vanquished.

Grand Total: 33 creatures vanquished

Notes
Turn   | Place    | Note
-------+----------+-------------------------------------------
     0 | D:1      | Froggeryz the Demonspawn Wanderer began the quest for the
                  | Orb.
     0 | D:1      | Froggeryz set off with the following items: a +2 dagger, a
                  | scroll of fear, a +0 robe; and the following spells
                  | available to memorise: Summon Small Mammal, Foxfire, Summon
                  | Guardian Golem, Ignite Poison
     0 | D:1      | Reached XP level 1. HP: 18/18 MP: 3/3
   615 | D:1      | Reached skill level 1 in Unarmed Combat
   615 | D:1      | Gained mutation: You have large cloven feet. [demonic
                  | ancestry]
   615 | D:1      | Reached XP level 2. HP: 21/24 MP: 5/5
  1104 | D:2      | Reached XP level 3. HP: 11/30 MP: 6/6
  1819 | D:2      | Reached skill level 4 in Fighting
  1958 | D:2      | Gained mutation: When hurt, damage is shared between your
                  | health and your magic reserves. [demonic ancestry]
  1958 | D:2      | Reached XP level 4. HP: 35/37 MP: 7/7
  2100 | D:2      | Found a runed translucent door.
  2101 | D:2      | Noticed Crazy Yiuf
  2122 | D:2      | Cast into level 1 of the Abyss (Crazy Yiuf)
  2129 | Abyss:1  | Got a faintly glowing flail
  2398 | Abyss:1  | Noticed a thrashing horror
  2403 | Abyss:1  | Slain by a thrashing horror

Illustrated notes

Levels and vault maps discovered:
D:1:      giann_bridges, layout_basic, serial_bayou_pond_e, grunt_decor_cap
D:2:      layout_loops_cross, uniq_crazy_yiuf_cottage
Abyss:1:  base:
D:1

Skill      XL: |  1  2  3 |
---------------+----------+-----
Unarmed Combat | 1 2 |  2.1
Fighting       | 4 |  4.0
Throwing       | |  1.0
Dodging        | |  1.0
Stealth        | |  1.7
Shields        | |  0.4
Spellcasting   | |  2.0
Summonings     | |  1.0

Action                   |  1- 3 |  4- 6 || total
-------------------------+-------+-------++-------
Melee: Dagger            |    98 |       ||    98
       Kick              |    15 |    13 ||    28
       Unarmed           |    13 |    23 ||    36
       Punch             |       |     1 ||     1
Throw: Dart              |     7 |       ||     7
  Use: Scroll            |       |     3 ||     3
       Potion            |       |     2 ||     2
 Stab: Sleeping          |     5 |       ||     5
Armor: Robe              |     4 |       ||     4
       Leather armour    |    29 |     2 ||    31
Dodge: Dodged            |    70 |    12 ||    82

Table legend: (Time is in decaauts)
 A = Elapsed time spent in this place.
 B = Non-inter-level travel time spent in this place.
 C = Inter-level travel time spent in this place.
 D = Time resting spent in this place.
 E = Time spent auto-exploring this place.
 F = Levels seen in this place.
 G = Mean time per level.
                   A        B        C        D        E       F      G
               +--------+--------+--------+--------+--------+-----+--------+
         Total |   2403 |   2358 |     45 |    615 |   1397 |   3 |  801.0 |
       Dungeon |   2122 |   2077 |     45 |    354 |   1392 |   2 | 1061.0 |
         Abyss |    280 |    280 |      0 |    261 |      5 |   1 |  280.0 |
               +--------+--------+--------+--------+--------+-----+--------+

Top non-repeatable levels by time:
     D:2: 1294 daAuts
     D:1: 828 daAuts
 Abyss:1: 280 daAuts
